cohdb
Replays
Latest Replays
All Replays
Popular Replays
Top Player Replays
Match Explorer
How It Works
Community
CoH3 Stats
Reddit
Sign in to upload your games and track your stats! →
Sign in with Steam
Match 43095464
Unlisted
Match 43095464
Overview
Messages
Build Orders
End
Construct Weapon Support Center
Selects Heavy Weapons
Engineer Squad
M1919 Machine Gun Team
Bazooka Squad
M1919 Machine Gun Team
Selects M2HB .50cal Heavy Machine Gun
Mechanized Support Center
Construct Medical Station
Construct Motor Pool
M8 Greyhound Armored Car
M1919 Machine Gun Team
Bazooka Squad
M8 Greyhound Armored Car
Engineer Squad
Engineer Squad
M8 Greyhound Armored Car
Designate Forward Repair Station
M16 Multiple Gun Motor Carriage
Selects Assault Carriers
Selects Exchangeable Parts
M1 Anti-tank Gun Team
Improved M9 Bazooka Rockets
DarknessAngle
azio3000
wula
KirelCD
KuruKuru
simranjitsingh713
Katana
Calm
0
0
Comments
sign in to comment!
No comments posted yet!